 Dungeon Crawl Stone Soup version 0.31-a0-177-g4aa6249778 (webtiles) character file.

Game seed: 16366842366431806958

737 Elmgren the Trooper (level 7, 0/100 HPs)
             Began as a Minotaur Berserker on June 19, 2023.
             Was a Priest of Trog.
             Slain by spirit192's ghost (5 damage)
             ... on level 5 of the Dungeon.
             The game lasted 00:04:02 (4158 turns).

Elmgren the Trooper (Minotaur Berserker)            Turns: 4158, Time: 00:04:03

Health: 0/100      AC: 14    Str: 23    XL:     7   Next: 46%
Magic:  6/6        EV: 11    Int:  4    God:    Trog [***...]
Gold:   240        SH:  5    Dex: 10    Spells: 6/6 levels left

rFire   . . .        u - +1 war axe
rCold   . . .        (no shield)
rNeg    . . .        f - +2 ring mail {rPois}
rPois   +            (helmet restricted)
rElec   .            (no cloak)
rCorr   .            (no gloves)
SInv    .            l - +2 pair of boots
Will    .....        d - amulet of reflection Stlth
                     n - +4 ring of protection
HPRegen 0.36/turn    (no ring)
MPRegen 0.10/turn

%: reflection
@: berserking (expiring), very quick
A: horns 2, retaliatory headbutt
a: Renounce Religion, Berserk, Trog's Hand


You were on level 5 of the Dungeon.
You worshipped Trog.
Trog was most pleased with you.
You visited 1 branch of the dungeon, and saw 6 of its levels.

You collected 240 gold pieces.

Inventory:

Hand Weapons
 u - a +1 war axe (weapon)
Armour
 f - a +2 ring mail of poison resistance (worn)
 l - a +2 pair of boots (worn)
Jewellery
 d - an amulet of reflection (around neck)
 e - a +6 ring of dexterity
 k - a ring of protection from cold
 n - a +4 ring of protection (left hand)
 t - a ring of fire
Wands
 i - a wand of flame (2)
Scrolls
 a - a scroll of fear
 o - 4 scrolls of identify
 p - a scroll of noise
 s - 2 scrolls of teleportation
 v - a scroll of revelation
Potions
 b - 2 potions of haste
 c - a potion of heal wounds {unknown}
 g - 3 potions of enlightenment
 h - a potion of curing
 j - a potion of mutation {unknown}
 m - 2 potions of might {unknown}
 r - a potion of brilliance {unknown}


   Skills:
 + Level 7.9 Fighting
 + Level 7.9 Axes
 - Level 2.4 Armour
 - Level 2.1 Dodging


You had 6 spell levels left.
You didn't know any spells.
Your spell library was empty.

Dungeon Overview and Level Annotations

Branches:
Dungeon (6/15)
 Temple: D:4-7

Altars:
Dithmenos
Gozag
Nemelex Xobeh
Okawaru
Sif Muna

Annotations:
D:5 1 transporter, spirit192's ghost, novice TrBe


Innate Abilities, Weirdness & Mutations

You have a pair of horns on your head.
You reflexively headbutt those who attack you in melee.


Message History

You closely miss the gnoll. You completely miss the gnoll sergeant.
The gnoll hits you but does no damage.
Spirit192's ghost hits you but does no damage.
The gnoll sergeant barely misses you.
The gnoll sergeant hits you but does no damage.
You closely miss spirit192's ghost. Your headbutt misses spirit192's ghost.
Your punch misses spirit192's ghost. You hit the gnoll.
You closely miss the gnoll sergeant.
The gnoll hits you with a +2 spear of pain.
Spirit192's ghost barely misses you. You furiously retaliate!
You headbutt spirit192's ghost! You block the gnoll sergeant's attack.
The gnoll sergeant hits you but does no damage.
You barely miss spirit192's ghost.
Spirit192's ghost is lightly damaged.
You hit the gnoll. You slash the gnoll sergeant! You slash spirit192's ghost!
Your headbutt misses spirit192's ghost.
Spirit192's ghost is moderately damaged.
You completely miss the gnoll. You slash the gnoll sergeant!
You kill the gnoll sergeant!
Trog accepts your kill.
The gnoll hits you with a +2 spear of pain.
Spirit192's ghost hits you. You block the gnoll sergeant's attack.
You closely miss spirit192's ghost.
Spirit192's ghost is moderately damaged.
You slice the gnoll!!
You kill the gnoll!
Trog accepts your kill. You block the gnoll sergeant's attack.
Spirit192's ghost hits you!!
* * * LOW HITPOINT WARNING * * *
You miss spirit192's ghost.
Spirit192's ghost is moderately damaged.
The gnoll sergeant barely misses you. Spirit192's ghost misses you.
You furiously retaliate!
You headbutt spirit192's ghost! You barely miss the gnoll sergeant.
You miss spirit192's ghost.
The gnoll sergeant hits you with a +0 spear of electrocution.
* * * LOW HITPOINT WARNING * * *
You are electrocuted!
* * * LOW HITPOINT WARNING * * *
Spirit192's ghost hits you.
You die...

##'#.≈≈≈≈≈≈≈≈≈≈≈...≈≈≈≈≈≈≈≈≈≈≈...
.....≈≈≈≈≈≈≈≈≈≈≈...≈≈≈≈≈≈≈≈≈≈≈...
.....≈≈#####...........#####≈≈...
.....≈≈#.8.#.###.©.###.#.8.#≈≈...
.....≈≈#...###W#####©###...#≈≈...
.....≈≈###...............###≈≈...
.....≈≈.8#W######'######g#8.≈≈...
.....≈≈.##.#.⌠.#))8# g.#.##.≈≈...
.....~~.#..'...g@©⌠# . ..#.~~)..
.....≈≈.##.#.⌠.#.W8# ##.≈≈...
.....≈≈.8#.######'######.#8.≈≈...
.....≈≈###.............g.###≈≈...
.....≈≈#..g###g#####g###...#≈≈...
.....≈≈#g8g#.###.©.###.#g8g#≈≈...
.....≈≈#####...........#####≈≈...
..)..≈≈≈≈≈≈≈≈≈≈≈≈~≈≈≈≈≈≈≈≈≈≈≈≈...
.....≈≈≈≈≈≈≈≈≈≈≈≈~≈≈≈≈≈≈≈≈≈≈≈≈...


You could see a gnoll sergeant and spirit192's ghost.

Vanquished Creatures
  Duvessa (D:5)
  An ogre (D:5)
  Blork the orc (D:5)
  A gnoll sergeant (D:5)
  Dowan (D:5)
  A howler monkey (D:5)
  A gnoll bouda (D:5)
  A jelly (D:2)
  An orc priest (D:6)
  An iguana (D:5)
  6 gnolls (D:5)
  5 adders
  2 shadow imps
  An ufetubus (D:5)
  2 worms (D:2)
  3 dart slugs
  5 orcs
  7 ball pythons
  3 bats
  10 endoplasms
  6 goblins
  6 hobgoblins
  8 kobolds
  6 quokkas
  2 frilled lizards
  3 rats
85 creatures vanquished.

Notes
Turn   | Place    | Note
-------+----------+-------------------------------------------
     0 | D:1      | Elmgren the Minotaur Berserker began the quest for the Orb.
     0 | D:1      | Reached XP level 1. HP: 19/19 MP: 0/0
   275 | D:1      | Reached XP level 2. HP: 27/27 MP: 1/1
   490 | D:1      | Reached ** piety under Trog
   595 | D:1      | Reached XP level 3. HP: 34/34 MP: 2/2
   721 | D:1      | Found a faded altar of an unknown god.
  1166 | D:2      | Reached skill level 5 in Fighting
  1166 | D:2      | Reached skill level 5 in Axes
  1166 | D:2      | Reached XP level 4. HP: 28/42 MP: 3/3
  2002 | D:3      | Found a sparkling altar of Nemelex Xobeh.
  2118 | D:3      | Found a shimmering blue altar of Sif Muna.
  2240 | D:3      | Found an opulent altar of Gozag.
  2241 | D:3      | Found a shadowy altar of Dithmenos.
  2528 | D:4      | You fall into a shaft and drop 2 floors!
  2537 | D:6      | Reached XP level 5. HP: 36/49 MP: 4/4
  2688 | D:6      | Noticed a water moccasin
  2690 | D:5      | Entered Level 5 of the Dungeon
  2861 | D:5      | Noticed an ogre
  2870 | D:5      | Killed an ogre
  2972 | D:5      | Reached XP level 6. HP: 58/58 MP: 5/5
  3059 | D:5      | Noticed Duvessa
  3060 | D:5      | Noticed Dowan
  3063 | D:5      | Noticed Blork the orc
  3066 | D:5      | Killed Dowan
  3070 | D:5      | Killed Duvessa
  3077 | D:5      | Killed Blork the orc
  3077 | D:5      | Reached *** piety under Trog
  3078 | D:5      | Reached XP level 7. HP: 39/66 MP: 6/6
  3310 | D:5      | Found an iron altar of Okawaru.
  3379 | D:5      | Found a transporter.
  3381 | D:5      | Found a transporter.
  3391 | D:5      | Noticed spirit192's ghost (novice TrBe)
  3901 | D:5      | Identified a scroll of acquirement
  3901 | D:5      | Acquired a +4 ring of protection
  4158 | D:5      | HP: 5/100 [gnoll sergeant/+0 spear of electrocution (16)]
  4158 | D:5      | Slain by spirit192's ghost

Illustrated notes

Levels and vault maps discovered:
D:1:      dpeg_arrival_court, layout_basic, serial_co_window_serial,
          co_window_corner_a, co_window_paths_b, co_window_paths_a,
          co_window_paths_b, co_window_corner_a, co_window_corner_cb,
          co_window_unsneaky_path_e, co_window_cross_4,
          co_window_unsneaky_path_d, co_window_of_opportunity_c,
          co_window_of_opportunity_b, glass_columns_c,
          dilly_ecumenical_altar_fadedgnrine
D:2:      layout_rooms, grunt_ministairs_1, minmay_3d_cube
D:3:      layout_rooms, mainiacjoe_overflow_small_starburst,
          gammafunk_temple_overflow_wave, nemelex_diamond_rough_becter,
          chequers_decorated_corner, kennysheep_donut, columned_hall_lemuel,
          hangedman_decor_lopped
D:4:      layout_rooms, lemuel_doored_altar, evilmike_ruin_ashenzari,
          kiku_gazebo_garden_becter, nicolae_ossuary_entry_plus,
          kennysheep_small_circle, uniq_edmund
D:5:      layout_gridville, mainiacjoe_overflow_concentric_impassable,
          gammafunk_ghost_gnarly_gnolls, uniq_duvessa, uniq_blork_the_orc
D:6:      layout_basic, minmay_temple_entry_drinking_statues, serial_rivers,
          chequers_serial_rivers_micro_c, chequers_serial_rivers_micro_e,
          chequers_serial_rivers_small_3, chequers_serial_rivers_small_a,
          chequers_serial_rivers_large_a, chequers_serial_rivers_micro_c

Skill      XL: |  1  2  3  4  5  6 |
---------------+-------------------+-----
Fighting       | 4 5 6 7 |  7.9
Axes           | 4 5 6 7 |  7.9
Armour         | |  2.4
Dodging        | |  2.1

Action                     |  1- 3 |  4- 6 |  7- 9 || total
---------------------------+-------+-------+-------++-------
  Melee: Hand axe          |    77 |    83 |    10 ||   170
         Headbutt          |    16 |    15 |     8 ||    39
         Punch             |     1 |     1 |       ||     2
         War axe           |       |       |    32 ||    32
 Invoke: Berserk           |       |     1 |     1 ||     2
    Use: Scroll            |     4 |     2 |     4 ||    10
 Armour: Ring mail         |    22 |    28 |    29 ||    79
  Dodge: Dodged            |    50 |    36 |    30 ||   116
  Block: Other             |       |    15 |    18 ||    33

Table legend: (Time is in decaauts)
 A = Elapsed time spent in this place.
 B = Non-inter-level travel time spent in this place.
 C = Inter-level travel time spent in this place.
 D = Time resting spent in this place.
 E = Time spent auto-exploring this place.
 F = Levels seen in this place.
 G = Mean time per level.
                   A        B        C        D        E       F      G
               +--------+--------+--------+--------+--------+-----+--------+
         Total |   4174 |   4091 |     83 |   1146 |   2394 |   6 |  695.7 |
       Dungeon |   4174 |   4091 |     83 |   1146 |   2394 |   6 |  695.7 |
               +--------+--------+--------+--------+--------+-----+--------+

Top non-repeatable levels by time:
     D:5: 1476 daAuts
     D:1: 978 daAuts
     D:2: 875 daAuts
     D:3: 681 daAuts
     D:6: 162 daAuts
